 Dungeon Crawl Stone Soup version 0.31.0-11-ge490571c62 (webtiles) character file.

Game seed: 10797356831336462250

3003 PaiMei the Merchant of Misery (level 9, -9/71 HPs)
             Began as a Demonspawn Necromancer on Feb 7, 2024.
             Was a Believer of Kikubaaqudgha.
             Mangled by Prince Ribbit (17 damage)
             ... on level 8 of the Dungeon.
             The game lasted 00:15:14 (10328 turns).

PaiMei the Merchant of Misery (DsNe)               Turns: 10328, Time: 00:15:15

Health: -9/71      AC:  6    Str: 16    XL:     9   Next: 54%
Magic:  6/18       EV: 14    Int: 19    God:    Kikubaaqudgha [**....]
Gold:   315        SH:  0    Dex: 13    Spells: 12/20 levels left

rFire   . . .        g - +2 whip (vamp)
rCold   . . .        (no shield)
rNeg    . . .        a - +0 robe
rPois   .            (no helmet)
rElec   .            h - scarf {repulsion}
rCorr   .            l - +0 pair of gloves
SInv    .            F - +2 pair of boots {Fly}
Will    .....        (no amulet)
Stlth   ++           y - +6 ring of strength
HPRegen 0.31/turn    (no ring)
MPRegen 0.16/turn

%: repel missiles
@: flying
A: claws 2, demonic guardian 1, foul stench 1, sturdy frame 1
a: Renounce Religion, Unearth Wretches


You were on level 8 of the Dungeon.
You worshipped Kikubaaqudgha.
Kikubaaqudgha was pleased with you.
You visited 2 branches of the dungeon, and saw 9 of its levels.

You collected 315 gold pieces.

Inventory:

Hand Weapons
 g - a +2 vampiric whip (weapon)
 o - a +2 short sword of flaming
 B - a +0 whip
 G - the +5 woodcutter's axe
   (You took it off a gnoll on level 7 of the Dungeon)
Missiles
 A - 14 poisoned darts (quivered)
Armour
 a - a +0 robe (worn)
 h - a scarf of repulsion (worn)
 l - a +0 pair of gloves (worn)
 s - a +0 hat
 F - a +2 pair of boots of flying (worn)
Magical Staves
 D - a staff of death
Jewellery
 m - an amulet of faith
 y - a +6 ring of strength (left hand)
Wands
 u - a wand of light (12)
Scrolls
 e - 4 scrolls of fear {unknown}
 j - 6 scrolls of identify {unknown}
 k - 2 scrolls of noise {unknown}
 n - 6 scrolls of teleportation {unknown}
 q - 2 scrolls of immolation {unknown}
 r - a scroll of revelation {unknown}
 v - 3 scrolls of enchant weapon {unknown}
 x - a scroll of vulnerability {unknown}
 z - 3 scrolls of poison {unknown}
 E - a scroll of blinking {unknown}
Potions
 b - 2 potions of magic
 c - 4 potions of brilliance {unknown}
 d - 2 potions of heal wounds {unknown}
 f - a potion of might {unknown}
 i - a potion of invisibility {unknown}
 p - 2 potions of curing {unknown}
 t - a potion of cancellation {unknown}
 w - a potion of ambrosia {unknown}
 C - a potion of mutation {unknown}


   Skills:
 + Level 6.4 Fighting
 + Level 6.3 Dodging
 - Level 2.0 Stealth
 + Level 6.4 Spellcasting
 + Level 8.6 Necromancy


You had 12 spell levels left.
You knew the following spells:

 Your Spells              Type           Power      Damage    Failure   Level
a - Necrotise             Necr           100%       1d9       1%          1
b - Vampiric Draining     Necr           38%        2d8       1%          3
c - Animate Dead          Necr           38%        N/A       3%          4

Your spell library contained the following spells:

 Spells                   Type           Power      Damage    Failure   Level
 Sublimation of Blood     Necr           38%        N/A       1%          2
 Fugue of the Fallen      Necr           38%        N/A       1%          3
 Curse of Agony           Necr           38%        N/A       9%          5
 Magic Dart               Conj           24%        1d4       11%         1
 Sandblast                Erth           12%        2d6       11%         1
 Ensorcelled Hibernation  Hex/Ice        12%        N/A       16%         2
 Searing Ray              Conj           12%        2d4       16%         2
 Anguish                  Hex/Necr       11%        N/A       19%         4
 Frozen Ramparts          Ice            12%        1d2       32%         3
 Passwall                 Erth           6%         N/A       32%         3
 Stone Arrow              Conj/Erth      12%        3d7       32%         3
 Brom's Barrelling Bould  Conj/Erth      6%         2d3       71%         4
 Fulminant Prism          Conj/Alch      3%         3d5       71%         4
 Leda's Liquefaction      Alch/Erth      3%         N/A       71%         4
 Passage of Golubria      Tloc           6%         N/A       71%         4
 Petrify                  Alch/Erth      6%         N/A       71%         4
 Metabolic Englaciation   Hex/Ice        3%         N/A       96%         5
 Silence                  Hex/Air        3%         N/A       96%         5
 Lehudib's Crystal Spear  Conj/Erth      3%         10d2      100%        8


Dungeon Overview and Level Annotations

Branches:
Dungeon (8/15)             Temple (1/1) D:5
   Lair: D:8-11

Altars:
Ashenzari
Cheibriados
Dithmenos
Fedhas
Gozag
Hepliaklqana
Kikubaaqudgha
Makhleb
Nemelex Xobeh
Okawaru
Qazlal
Ru
Sif Muna
Trog
Uskayaw
Vehumet
Yredelemnul

Shops:
D:5 *   D:7 *

Annotations:
D:2 1 runed translucent door, Crazy Yiuf
D:8 Prince Ribbit


Innate Abilities, Weirdness & Mutations

You have very sharp fingernails.
A weak demonic guardian rushes to your aid.
You may rarely emit foul miasma when damaged in melee.
Your movements are slightly less encumbered by armour. (ER -2)


Message History

Confirm with . or Enter, or press ? or * to list all spells.
You can't see any susceptible monsters within range! (Use Z to cast anyway.) Prince Ribbit croaks regally.
The orc warrior hits you with a +0 trident!
Casting: Necrotise (safe; 1% risk of failure)
Confirm with . or Enter, or press ? or * to list all spells.
Aiming: Vampiric Draining (safe; 1% risk of failure)
Press: ? - help, Shift-Dir - straight line, f/p - orc warrior
Aim: an orc warrior, wielding a +0 trident and wearing a +0 plate armour You draw life force from the orc warrior!
You feel life coursing into your body. Prince Ribbit hits you!
The orc warrior hits you with a +0 trident!
* * * LOW HITPOINT WARNING * * *
Casting: Vampiric Draining (safe; 1% risk of failure)
Confirm with . or Enter, or press ? or * to list all spells.
Aiming: Vampiric Draining (safe; 1% risk of failure)
Press: ? - help, Shift-Dir - straight line, f/p - orc warrior
Aim: an orc warrior, wielding a +0 trident and wearing a +0 plate armour (moderately wounded)
You draw life force from the orc warrior!
You feel life coursing into your body! Prince Ribbit hits you!
* * * LOW HITPOINT WARNING * * *
You emit a cloud of foul miasma!
The orc warrior hits you with a +0 trident.
* * * LOW HITPOINT WARNING * * *
Casting: Vampiric Draining (safe; 1% risk of failure)
Confirm with . or Enter, or press ? or * to list all spells.
Aiming: Vampiric Draining (safe; 1% risk of failure)
Press: ? - help, Shift-Dir - straight line, f/p - orc warrior
Aim: an orc warrior, wielding a +0 trident and wearing a +0 plate armour (severely wounded)
You draw life force from the orc warrior!
You kill the orc warrior!
Kikubaaqudgha accepts your kill.
You feel life coursing into your body.
Prince Ribbit is engulfed in dark miasma.
Prince Ribbit looks even sicker.
Prince Ribbit seems to slow down.
Prince Ribbit closely misses you.
Prince Ribbit is engulfed in dark miasma.
Prince Ribbit looks even sicker.
Prince Ribbit hits you!
You die...
Kikubaaqudgha rasps: "You have failed me!
Welcome... death!"

....# ##....
###<# # .
..#.##.## #
#.#..#...
#.##.#...._.
.###.#......(..
...............
......F).o_..⌠.
####.##@#......
#.# ..... #.#
.._. ######.# ...
##########......#
##
#........#.######
#.§≈..≈≈.#.#
##.≈#..#≈.#.#
.'........'.#


You could see Prince Ribbit (very poisoned, slow) and an orc.

Vanquished Creatures
  Sigmund (D:2)
  A steam dragon (D:7)
  2 water moccasins
  A sky beast (D:8)
  2 black bears (D:6)
  3 ice beasts
  2 orc warriors
  2 ogres
  A phantom (D:7)
  3 kobold brigands
  3 bullfrogs
  5 gnoll sergeants (D:7)
  2 scorpions (D:6)
  2 vampire bats (D:3)
  A howler monkey (D:8)
  A hound (D:6)
  2 jellies
  2 gnoll boudas (D:7)
  5 orc priests
  Natasha (thrice) (D:2)
  2 orc wizards
  10 gnolls
  5 adders
  A white imp (D:5)
  3 ribbon worms (D:2)
  25 orcs
  10 ball pythons
  2 bat skeletons (D:3)
  2 bat zombies (D:3)
  3 endoplasms
  3 giant cockroaches
  5 goblins
  4 hobgoblins
  A quokka (D:1)
  3 bats
  12 kobolds
  4 rats
139 creatures vanquished.

Vanquished Creatures (collateral kills)
  3 orcs
  A frilled lizard (D:1)
  2 kobolds (D:8)
6 creatures vanquished.

Grand Total: 145 creatures vanquished

Notes
Turn   | Place    | Note
-------+----------+-------------------------------------------
     0 | D:1      | PaiMei the Demonspawn Necromancer began the quest for the
                  | Orb.
     0 | D:1      | Reached XP level 1. HP: 13/13 MP: 3/3
   340 | D:1      | Gained mutation: You have sharp fingernails. [demonic
                  | ancestry]
   340 | D:1      | Reached XP level 2. HP: 19/19 MP: 1/5
   991 | D:2      | Noticed Sigmund
  1142 | D:2      | Gained mutation: You have very sharp fingernails. [demonic
                  | ancestry]
  1142 | D:2      | Reached XP level 3. HP: 25/25 MP: 3/6
  1146 | D:2      | Learned a level 3 spell: Vampiric Draining
  1432 | D:2      | Found a runed translucent door.
  1433 | D:2      | Noticed Crazy Yiuf
  1672 | D:2      | Reached skill level 1 in Fighting
  1812 | D:2      | Found a faded altar of an unknown god.
  1969 | D:2      | Noticed Natasha
  2048 | D:2      | Killed Natasha
  2099 | D:2      | Noticed Natasha
  2104 | D:2      | Killed Natasha
  2105 | D:2      | Reached XP level 4. HP: 32/32 MP: 2/8
  2230 | D:2      | Noticed Natasha
  2235 | D:2      | Killed Natasha
  2236 | D:2      | Reached skill level 5 in Necromancy
  2372 | D:3      | HP: 1/33 [orc priest/+0 short sword (4)]
  2374 | D:3      | Gained mutation: Your movements are slightly less
                  | encumbered by armour. (ER -2) [demonic ancestry]
  2374 | D:3      | Reached XP level 5. HP: 1/38 MP: 0/9
  3102 | D:2      | Killed Sigmund
  3103 | D:2      | Reached XP level 6. HP: 38/46 MP: 0/11
  3233 | D:3      | Found a basalt altar of Yredelemnul.
  3310 | D:3      | Found an ancient bone altar of Kikubaaqudgha.
  3338 | D:3      | Became a worshipper of Kikubaaqudgha
  4184 | D:4      | Reached * piety under Kikubaaqudgha
  4184 | D:4      | Received a gift from Kikubaaqudgha
  4755 | D:5      | Entered Level 5 of the Dungeon
  4774 | D:5      | Found a staircase to the Ecumenical Temple.
  4784 | Temple   | Entered the Ecumenical Temple
  4862 | D:5      | Found Taleocwu's Assorted Antiques.
  4961 | D:5      | Noticed a water moccasin
  4969 | D:6      | Noticed a water moccasin
  4974 | D:5      | Killed a water moccasin
  4975 | D:5      | Reached skill level 6 in Necromancy
  4975 | D:5      | Gained mutation: You may rarely emit foul miasma when
                  | damaged in melee. [demonic ancestry]
  4975 | D:5      | Reached XP level 7. HP: 52/52 MP: 2/13
  6299 | D:6      | Reached XP level 8. HP: 59/60 MP: 0/14
  6516 | D:6      | Found a radiant altar of Vehumet.
  6522 | D:6      | Found a sacrificial altar of Ru.
  6534 | D:6      | Found a burning altar of Makhleb.
  6859 | D:6      | Reached skill level 7 in Necromancy
  7036 | D:6      | Reached skill level 5 in Spellcasting
  7132 | D:6      | Reached skill level 5 in Dodging
  7463 | D:7      | Learned a level 4 spell: Animate Dead
  7867 | D:6      | Reached skill level 5 in Fighting
  8301 | D:7      | Reached ** piety under Kikubaaqudgha
  8587 | D:7      | Gained mutation: A weak demonic guardian rushes to your
                  | aid. [demonic ancestry]
  8587 | D:7      | Reached XP level 9. HP: 68/68 MP: 4/17
  8695 | D:7      | Found an opulent altar of Gozag.
  8882 | D:7      | Reached skill level 8 in Necromancy
  9014 | D:7      | Found a shadowy altar of Dithmenos.
  9036 | D:7      | Found Gozag's Platinum Reserve.
  9118 | D:7      | Found a sparkling altar of Nemelex Xobeh.
  9672 | D:7      | HP: 3/69 [orc warrior/+0 war axe (6)]
 10314 | D:8      | Found a shimmering blue altar of Sif Muna.
 10316 | D:8      | Found a hide-covered altar of Uskayaw.
 10316 | D:8      | Noticed Prince Ribbit
 10328 | D:8      | Mangled by Prince Ribbit

Illustrated notes

Levels and vault maps discovered:
D:1:      lightli_arrival_flooded_house, layout_rooms
D:2:      minmay_general_purpose_star, layout_loops_corners,
          dreamdust_ecumenical_altar_hidden_monk_grotto,
          kennysheep_generic_room_12, uniq_crazy_yiuf_cottage, uniq_sigmund,
          uniq_natasha
D:3:      layout_basic, kennysheep_vampire_church,
          nicolae_overflow_ecumenical_swirl, yredelemnul_altar_generic
D:4:      layout_cave_pools
D:5:      layout_basic, minmay_temple_entry_large_hall, serial_shops,
          nicolae_shop_advertising_works [nicolae_subvault_shop_adworks]
D:6:      layout_loops_ring, grunt_temple_overflow_cloverleaf
D:7:      layout_basic, mainiacjoe_overflow_alcove_2,
          mainiacjoe_overflow_six_doors_small, nicolae_gozag_zags_fifth_avenue,
          pf_guarded_unrand_woodcutter
D:8:      layout_loops_ring, grunt_temple_overflow_open,
          kennysheep_generic_room_5, uniq_pikel, uniq_prince_ribbit1,
          uniq_amaemon
Temple:   nicolae_temple_godpark

Skill      XL: |  1  2  3  4  5  6  7  8  9 |
---------------+----------------------------+-----
Stealth        | 2 |  2.0
Dodging        | 2 3 4 5 6 |  6.3
Fighting       | 1 2 3 4 5 6 |  6.4
Necromancy     | 5 6 7 8 |  8.6
Spellcasting   | 3 4 5 6 |  6.4

Action                     |  1- 3 |  4- 6 |  7- 9 || total
---------------------------+-------+-------+-------++-------
  Melee: Whip              |     4 |    46 |    54 ||   104
         Punch             |       |     1 |     2 ||     3
         Short sword       |       |       |    22 ||    22
   Cast: Necrotise         |    65 |    77 |   141 ||   283
         Vampiric Draining |       |     6 |    70 ||    76
   Stab: Sleeping          |       |     1 |       ||     1
 Armour: Robe              |    11 |    99 |   112 ||   222
  Dodge: Dodged            |    12 |   101 |   119 ||   232
         Repelled          |       |     2 |     2 ||     4
